 Dungeon Crawl Stone Soup version 0.19.4 (webtiles) character file.

147 Minion the Ruffian (level 5, 0/50 HPs)
             Began as a Troll Monk on Feb 2, 2017.
             Slain by an adder (2 damage)
             ... on level 1 of the Dungeon.
             The game lasted 00:03:53 (767 turns).

Minion the Ruffian (Troll Monk)                      Turns: 767, Time: 00:03:56

Health: 0/50       AC:  5    Str: 17 (19) XL:     5   Next: 8%
Magic:  4/4        EV: 10    Int:  5 (6)  God:
Gold:   61         SH:  0    Dex: 12 (13) Spells: 0 memorised, 4 levels left

rFire  . . .     SeeInvis .       - Unarmed
rCold  . . .     Gourm    +     a - +0 robe
rNeg   . . .     Faith    .     (no shield)
rPois  .         Spirit   .     (helmet restricted)
rElec  .         Reflect  .     (no cloak)
rCorr  .         Harm     .     (gloves unavailable)
MR     .....                    (boots unavailable)
Stlth  ++........               (no amulet)
                                (no ring)
                                (no ring)

@: lethally poisoned (0 -> 0)
A: unfitting armour, claws 3, fast metabolism 3, gourmand, regeneration 1,
shaggy fur 1, tough skin 2
a: no special abilities


You were on level 1 of the Dungeon.
You were very full.

You visited 1 branch of the dungeon, and saw 2 of its levels.

You collected 61 gold pieces.

Inventory:

Armour
 a - a +0 robe (worn)
Scrolls
 c - 2 scrolls of enchant armour {unknown}
 d - 2 scrolls of teleportation {unknown}
 e - a scroll of fog {unknown}
 g - a scroll of recharging {unknown}
 h - a scroll of identify {unknown}
 m - a scroll of remove curse {unknown}
Potions
 j - a potion of lignification {unknown}
 l - 2 potions of heal wounds {unknown}
 n - a potion of curing {unknown}
Comestibles
 b - 3 bread rations
 f - a meat ration
 k - 7 chunks of flesh


   Skills:
 - Level 2.4 Fighting
 - Level 2.4 Dodging
 - Level 1.0 Stealth
 + Level 5.8 Unarmed Combat


You had 4 spell levels left.
You didn't know any spells.

Dungeon Overview and Level Annotations

Branches:
Dungeon (2/15)

Altars:


Innate Abilities, Weirdness & Mutations

You are too large for most types of armour.
You have claws for hands.
Your metabolism is lightning-fast.
You like to eat raw meat.
Your natural rate of healing is unusually fast.
You are covered in fur. (AC +1)
You have very tough skin. (AC +2)


Message History

The bat closely misses you.
There is an escape hatch in the ceiling here.
The adder bites you.
* * * LOW HITPOINT WARNING * * *
The adder closely misses you. The adder bites you.
* * * LOW HITPOINT WARNING * * *
A mysterious force pulls you upwards. The hatch slams shut behind you.
You feel sick.
You miss the adder. You closely miss the adder.
The adder bites you but does no damage. The adder bites you.
* * * LOW HITPOINT WARNING * * *
It was a potion of degeneration.
There was something very wrong with that liquid.
You feel weakened.
You feel dopey.
You feel clumsy.
You feel sick. The adder misses you. The adder bites you.
* * * LOW HITPOINT WARNING * * *
You are more poisoned.
The adder poisons you! The adder bites you.
You die...

###.# #........##....#.#.#
###.###### #.........#(..##.#.#
.........#####........##.....⌠#.#
.##.####..##...........#..#####.#
...............................<.
.###...########........#..#####.#
...........######.######.....⌠#.#
>#####.###.........#...#...##.#.#
.# #..####...#@.....##....#.#.#
.# ##..# ##..SS......#......#.#
.#######.# ##.#.......#......#.#
.......#.#####.........##.....#.#
#......#...............#.#.......
#..............#.......#..#......
#.............##.....#.########.#
....(...##.##...##..##.# #.#
#.......##.####........# #..


You could see 2 adders.

Vanquished Creatures
  Ijyb (D:2)
  Terence (D:2)
  Robin (D:2)
  4 adders (D:2)
  2 worms (D:2)
  2 leopard geckos (D:1)
  5 bats
  7 goblins
  6 hobgoblins (D:2)
  A quokka (D:2)
  A frilled lizard (D:1)
  5 kobolds
  5 rats
41 creatures vanquished.

Notes
Turn   | Place    | Note
-------+----------+-------------------------------------------
     0 | D:1      | Minion the Troll Monk began the quest for the Orb.
     0 | D:1      | Reached XP level 1. HP: 22/22 MP: 0/0
   163 | D:1      | Reached XP level 2. HP: 29/29 MP: 1/1
   432 | D:2      | Reached skill level 4 in Unarmed Combat
   460 | D:2      | Reached XP level 3. HP: 36/36 MP: 2/2
   489 | D:2      | Noticed Terence
   494 | D:2      | Killed Terence
   506 | D:2      | Reached skill level 5 in Unarmed Combat
   506 | D:2      | Reached XP level 4. HP: 30/44 MP: 3/3
   686 | D:2      | Noticed Ijyb
   690 | D:2      | Noticed Robin
   696 | D:2      | Killed Ijyb
   743 | D:2      | Killed Robin
   743 | D:2      | Reached XP level 5. HP: 13/50 MP: 4/4
   767 | D:1      | HP: 2/50 [adder (2)]
   767 | D:1      | Slain by an adder

Skill      XL: |  1  2  3 |
---------------+----------+-----
Unarmed Combat | 4 5 |  5.8
Fighting       | |  2.4
Dodging        | |  2.4
Stealth        | |  1.0

Action                   |  1- 3 |  4- 6 || total
-------------------------+-------+-------++-------
Melee: Unarmed           |    57 |    55 ||   112
  Use: Potion            |       |     1 ||     1
 Stab: Sleeping          |     2 |     1 ||     3
       Distracted        |     1 |       ||     1
  Eat: Chunk             |     9 |     3 ||    12
Armor: Robe              |    24 |    69 ||    93
Dodge: Dodged            |    32 |    73 ||   105
